 Dungeon Crawl Stone Soup version 0.18.1-50-g88ac8fd (console) character file.

4921 Kloppie the Spear-Bearer (level 10, -2/115 HPs)
             Began as a Merfolk Berserker on Oct 6, 2016.
             Was an Elder of Trog.
             Killed from afar by an electric eel (13 damage)
             ... with a bolt of electricity
             ... on level 9 of the Dungeon.
             The game lasted 00:15:37 (7469 turns).

Kloppie the Spear-Bearer (Merfolk Berserker)        Turns: 7469, Time: 00:15:38

Health: -2/115     AC: 12    Str: 23    XL:     10   Next: 52%
Magic:  10/10      EV: 26    Int:  7    God:    Trog [****..]
Gold:   614        SH:  0    Dex: 24    Spells: 0 memorised, 9 levels left

rFire  . . .     SeeInvis .     a - +7 halberd {distort, rPois Dex+8}
rCold  + . .     Gourm    .     r - +2 scale mail {rC+}
rNeg   . . .     Faith    .     (shield currently unavailable)
rPois  +         Spirit   .     (no helmet)
rElec  .         Dismiss  .     M - +0 cloak
rCorr  .         Reflect  .     y - +1 pair of gloves
SustAt +         Harm     .     (boots currently unavailable)
MR     ++...                    (no amulet)
Stlth  ..........               o - ring of sustain attributes
                                q - ring of flight

@: berserking, regenerating, very quick, very resistant to hostile enchantments,
extremely unstealthy
A: change form in water, swift swim
a: Berserk, Trog's Hand, Brothers in Arms, Burn Spellbooks, Renounce Religion,
Evoke Flight


You were on level 9 of the Dungeon.
You worshipped Trog.
Trog was greatly pleased with you.
You were not hungry.

You visited 1 branch of the dungeon, and saw 9 of its levels.
You also visited: Ossuary.

You collected 614 gold pieces.

Inventory:

Hand Weapons
 a - the +7 halberd "Voptufe" (weapon) {distort, rPois Dex+8}
   (You acquired it on level 6 of the Dungeon)

   It warps and distorts space around it.
   Unwielding it can cause banishment or high damage.
   It affects your dexterity (+8).
   It protects you from poison.
 h - a +0 spear
 l - a +1 trident
Armour
 r - a +2 scale mail of cold resistance (worn)
 y - a +1 pair of gloves (worn)
 M - a +0 cloak (worn)
Jewellery
 o - a ring of sustain attributes (right hand)
 q - a ring of flight (left hand)
 t - an uncursed ring of fire
Wands
 e - a wand of iceblast (6/15)
 E - a wand of disintegration (4/24)
 H - a wand of digging (15/24)
 N - a wand of iceblast (8/15)
 O - a wand of disintegration (7/24)
Scrolls
 b - 3 scrolls of noise
 f - 6 scrolls of remove curse
 w - a scroll of enchant armour
 x - 5 scrolls of teleportation
 A - 2 scrolls of magic mapping
 I - a scroll of blinking
 P - a scroll of fog
Potions
 d - 2 potions of flight
 g - 3 potions of lignification
 i - 3 potions of magic
 k - a potion of mutation
 m - 3 potions of cancellation
 n - 7 potions of curing {unknown}
 p - 5 potions of ambrosia
 s - a potion of degeneration {unknown}
 u - 2 potions of might {unknown}
 v - a potion of brilliance {unknown}
 B - 4 potions of heal wounds {unknown}
 D - 3 potions of haste {unknown}
 F - a potion of beneficial mutation {unknown}
 J - a potion of agility {unknown}
Books
 C - a book of Air

   Spells                             Type                      Level
   a - Shock                          Conjuration/Air              1
   b - Swiftness                      Charms/Air                   2
   c - Repel Missiles                 Charms/Air                   2
   d - Static Discharge               Conjuration/Air              3
   e - Lightning Bolt                 Conjuration/Air              5
   Trog disapproves of the use of such an item.
Comestibles
 c - 7 bread rations
 j - 3 slices of pizza
 z - 4 meat rations
 G - a chunk of flesh
 K - 2 fruits
 L - 9 beef jerkies


   Skills:
 - Level 6.9 Fighting
 + Level 14.8 Polearms
 - Level 3.3 Armour
 + Level 11.1 Dodging


You had 9 spell levels left.
You didn't know any spells.

Dungeon Overview and Level Annotations

Branches:
Dungeon (9/15)             Temple (0/1) D:4
   Lair: D:8-11         Orc: D:9-12

Altars:
Cheibriados
Dithmenos
Elyvilon
Fedhas
Gozag
Nemelex Xobeh
Pakellas
Sif Muna
Vehumet
Xom
Zin
The Shining One

Shops:
D:4 *


Message History

Your legs become a tail as you enter the water.
The electric eel shoots out a bolt of lightning at you!
The bolt of electricity misses you. The bolt of electricity hits you!
* * * LOW HITPOINT WARNING * * *
The bolt of electricity hits the electric eel.
The electric eel completely resists.
The bolt of electricity hits the plant.
An electric eel comes into view. x2
A red film seems to cover your vision as you go berserk!
You feel yourself moving faster!
You feel mighty!
You feel somewhat more hungry.
The electric eel shoots out a bolt of lightning at you!
The bolt of electricity hits you!
* * * LOW HITPOINT WARNING * * *
The bolt of electricity hits you!
* * * LOW HITPOINT WARNING * * *
The bolt of electricity hits the electric eel.
The electric eel completely resists.
The bolt of electricity hits the plant.
The electric eel shoots out a bolt of lightning at you!
The bolt of electricity hits you!
You die...

.♣;≈≈≈P≈≈; . ........
..♣≈≈≈≈≈≈≈ #≈≈≈≈≈≈≈≈
#≈PP≈≈≈≈≈ ♣PP≈P≈≈♣ ♣♣
♣≈≈≈P;≈♣♣P♣♣
♣P≈≈≈≈@♣≈..♣
#P≈≈≈≈♣≈)# ##≈P♣##.##
##♣###.###
##.?...<.###♣P≈.≈♣P#
............♣≈≈≈.P♣≈.
####.##.#.##♣≈≈P.P≈≈♣
##.##.#.##♣≈≈≈.P≈P♣##
#.....)...≈≈≈P.≈≈≈≈..


You could see 3 electric eels.

Vanquished Creatures
  Erolcha (D:9)
  The ghost of Gargoyl the Agent of Entropy, a novice DsAK of Lugonu (D:7)
  A hippogriff (D:7)
  A hungry ghost (D:9)
  An ice beast (D:8)
  An orc warrior (D:5)
  A phantom (D:6)
  2 necrophages (D:7)
  7 ogres
  2 centaurs
  2 giant frogs
  A gnoll sergeant (D:6)
  3 water moccasin zombies
  2 scorpions (D:4)
  3 howler monkeys
  7 wights (D:7)
  4 electric eels (D:9)
  3 crimson imps
  A quasit (D:8)
  A giant frog zombie (D:7)
  2 hounds
  6 orc priests
  2 iguanas (D:8)
  5 worker ants
  Ijyb (D:2)
  7 orc wizards
  2 big kobold zombies (Ossuary)
  A hound zombie (D:7)
  A hound skeleton (D:6)
  2 mummies (Ossuary)
  2 howler monkey zombies
  6 gnolls
  7 adders
  A shadow imp (D:7)
  3 oozes
  7 adder zombies
  2 worms (D:2)
  6 dart slugs
  6 giant geckos
  26 orcs
  9 bats
  6 giant cockroaches
  2 gnoll zombies (Ossuary)
  9 goblins
  8 hobgoblins
  8 jackals
  5 kobolds
  3 quokkas
  3 ball pythons
  2 giant gecko skeletons
  14 giant newts
  4 hobgoblin zombies (Ossuary)
  A jackal zombie (D:7)
  3 kobold zombies (Ossuary)
  5 orc zombies (Ossuary)
  A quokka skeleton (D:4)
  3 rats
226 creatures vanquished.

Vanquished Creatures (others)
  A necrophage (D:7)
  A water moccasin zombie (Ossuary)
  A wyvern skeleton (D:8)
  A big kobold zombie (Ossuary)
  An orc zombie (Ossuary)
  A withered plant (D:7)
6 creatures vanquished.

Grand Total: 232 creatures vanquished

Notes
Turn   | Place    | Note
--------------------------------------------------------------
     0 | D:1      | Kloppie the Merfolk Berserker began the quest for the Orb.
     0 | D:1      | Reached XP level 1. HP: 18/18 MP: 1/1
   249 | D:1      | Reached XP level 2. HP: 18/24 MP: 2/2
  1036 | D:2      | Noticed Ijyb
  1055 | D:2      | Killed Ijyb
  1055 | D:2      | Reached skill level 5 in Polearms
  1055 | D:2      | Reached XP level 3. HP: 25/31 MP: 3/3
  1265 | D:2      | Found an opulent altar of Gozag.
  1314 | D:2      | Reached XP level 4. HP: 14/38 MP: 4/4
  1809 | D:2      | Reached ** piety under Trog
  2125 | D:3      | Found an oddly glowing altar of Pakellas.
  2456 | D:3      | Reached skill level 6 in Polearms
  2489 | D:3      | Reached XP level 5. HP: 42/43 MP: 5/5
  2742 | D:4      | Reached *** piety under Trog
  3112 | D:4      | Found a staircase to the Ecumenical Temple.
  3128 | D:4      | Reached skill level 7 in Polearms
  3128 | D:4      | Reached XP level 6. HP: 30/49 MP: 6/6
  3150 | D:4      | HP: 2/49 [poisoned by a scorpion]
  3155 | D:4      | HP: 2/49 [poisoned by a scorpion]
  3161 | D:4      | HP: 1/49 [poisoned by a scorpion]
  3739 | D:4      | Found Lyid's Elemental Accessories.
  3919 | D:5      | Entered Level 5 of the Dungeon
  3933 | D:5      | Reached skill level 8 in Polearms
  3933 | D:5      | Reached XP level 7. HP: 49/55 MP: 7/7
  4265 | D:5      | Reached skill level 5 in Fighting
  4445 | D:5      | Found a white marble altar of Elyvilon.
  4731 | D:5      | Reached skill level 9 in Polearms
  5054 | D:6      | Found a snail-covered altar of Cheibriados.
  5128 | D:6      | Reached **** piety under Trog
  5128 | D:6      | Reached XP level 8. HP: 61/65 MP: 8/8
  5134 | D:6      | Reached skill level 10 in Polearms
  5249 | D:6      | Identified a scroll of acquirement
  5250 | D:6      | Got a bloodstained halberd
  5251 | D:6      | Identified the +7 halberd "Voptufe" {distort, rPois Dex+8} (You acquired it on level 6 of the Dungeon)
  5365 | D:6      | Found a shimmering altar of Xom.
  5369 | D:6      | Found a radiant altar of Vehumet.
  5370 | D:6      | Found a sparkling altar of Nemelex Xobeh.
  5520 | D:6      | Found a deep blue altar of Sif Muna.
  5588 | D:7      | Reached skill level 11 in Polearms
  5659 | D:7      | Reached skill level 5 in Dodging
  5673 | D:7      | Reached XP level 9. HP: 46/71 MP: 9/9
  5677 | D:7      | Noticed Gargoyl's ghost (novice DsAK)
  5684 | D:7      | Killed Gargoyl's ghost
  5684 | D:7      | Reached skill level 12 in Polearms
  5737 | D:7      | Found a blossoming altar of Fedhas.
  5915 | D:7      | Found a sand-covered staircase.
  5920 | Ossuary  | Entered an ossuary
  5959 | Ossuary  | Reached skill level 13 in Polearms
  6521 | D:7      | Found a shadowy altar of Dithmenos.
  6636 | D:7      | Reached XP level 10. HP: 74/77 MP: 10/10
  6840 | D:8      | Reached skill level 14 in Polearms
  6893 | D:8      | Reached skill level 10 in Dodging
  7102 | D:8      | Found a deep blue altar of Sif Muna.
  7361 | D:9      | Found a glowing golden altar of the Shining One.
  7373 | D:9      | Found a glowing silver altar of Zin.
  7444 | D:9      | Noticed Erolcha
  7449 | D:9      | Killed Erolcha
  7469 | D:9      | Killed from afar by an electric eel

Skill      XL: |  1  2  3  4  5  6  7  8  9 10 |
---------------+-------------------------------+-----
Fighting       | 4 6 |  6.9
Polearms       | 5 6 7 8 9 11 13 14 | 14.8
Armour         | 2 3 |  3.3
Dodging        | 5 9 11 | 11.1

Action                   |  1- 3 |  4- 6 |  7- 9 | 10-12 || total
-------------------------+-------+-------+-------+-------++-------
Melee: Spear             |   117 |   255 |       |       ||   372
       Trident           |       |    33 |   181 |       ||   214
       Halberd           |       |       |   169 |    70 ||   239
       Tailslap          |       |       |       |     1 ||     1
Invok: Berserk           |     3 |     7 |     4 |     1 ||    15
       Trog's Hand       |       |     2 |     3 |     1 ||     6
Evoke: Wand              |       |       |       |     1 ||     1
  Use: Scroll            |       |     1 |    13 |     7 ||    21
  Eat: Chunk             |     3 |    13 |     8 |     3 ||    27
       Meat ration       |       |     1 |     1 |       ||     2
Armor: Animal skin       |     7 |       |       |       ||     7
       Ring mail         |    28 |    12 |       |       ||    40
       Scale mail        |       |    59 |   126 |     6 ||   191
Dodge: Dodged            |    63 |   111 |   148 |    26 ||   348
